 Dungeon Crawl Stone Soup version 0.22.1-2-g9c5b331 (webtiles) character file.

415 selb the Sneak (level 7, 0/45 HPs)
             Began as a Halfling Assassin on Dec 10, 2018.
             Succumbed to a worker ant's poison
             ... on level 4 of the Dungeon on Dec 11, 2018.
             The game lasted 00:29:32 (5649 turns).

selb the Sneak (Halfling Assassin)                  Turns: 5649, Time: 00:29:33

Health: 0/45       AC:  4    Str: 14    XL:     7   Next: 15%
Magic:  7/7        EV: 16    Int:  9    God:
Gold:   143        SH:  0    Dex: 18    Spells: 6/6 levels left

rFire    . . .     SeeInvis .   a - +2 dagger (holy)
rCold    . . .     Gourm    .   (shield restricted)
rNeg     . . .     Faith    .   c - +0 robe
rPois    .         Spirit   .   (no helmet)
rElec    .         Reflect  .   d - +0 cloak
rCorr    .         Harm     .   (no gloves)
MR       .....     Rnd*Tele +   u - +0 pair of boots
Stlth    +++.......             (no amulet)
HPRegen  0.15/turn              q - +2 ring of strength
MPRegen  0.10/turn              v - ring of teleportation

@: lethally poisoned (0 -> -9), hasted, very quick
A: small, mutation resistance 1
a: no special abilities


You were on level 4 of the Dungeon.
You were not hungry.

You visited 1 branch of the dungeon, and saw 4 of its levels.

You collected 143 gold pieces.

Inventory:

Hand Weapons
 a - a +2 dagger of holy wrath (weapon)
 b - a +0 blowgun
 i - a +2 dagger
Missiles
 e - 7 poisoned needles
 f - 2 curare-tipped needles
 s - 85 stones (quivered)
Armour
 c - a +0 robe (worn)
 d - a +0 cloak (worn)
 u - a +0 pair of boots (worn)
Jewellery
 q - a +2 ring of strength (left hand)
 v - a ring of teleportation (right hand)
Wands
 t - a wand of flame (31)
Scrolls
 h - a scroll of amnesia
 n - a scroll of identify
 p - a scroll of remove curse
Potions
 j - a potion of brilliance
 k - a potion of haste
Comestibles
 g - 6 rations
 l - 9 chunks of flesh


   Skills:
 + Level 2.5 Fighting
 + Level 5.2 Short Blades
 + Level 2.5 Throwing
 + Level 3.5 Dodging
 + Level 6.2 Stealth
 + Level 0.4 Evocations


You had 6 spell levels left.
You didn't know any spells.
Your spell library was empty.

Dungeon Overview and Level Annotations

Branches:
Dungeon (4/15)
 Temple: D:4-7

Altars:


Innate Abilities, Weirdness & Mutations

You are small and have problems with some larger weapons.
You are somewhat resistant to further mutation.


Message History

The orc wizard gestures wildly while chanting.
The orc wizard seems to speed up.
The worker ant bites you.
You are more poisoned.
The worker ant poisons you!
Evoke which item? (* to show all) (? for menu, Esc to quit)
Aiming: Throw Flame
Press: ? - help, Shift-Dir - straight line, f - worker ant
Aim: a worker ant (moderately wounded)
The puff of flame hits the worker ant.
The worker ant is heavily wounded.
You feel sick. The worker ant closely misses you.
The orc priest calls down the wrath of Beogh upon you.
Beogh smites you!
* * * LOW HITPOINT WARNING * * *
You feel yourself speed up.
* * * LOW HITPOINT WARNING * * *
You feel sick. The worker ant closely misses you.
* * * LOW HITPOINT WARNING * * *
You feel sick.
You die...

#######
##.....##
#....oa.##
#...o..o@.#
#.........#
#.........#
#.........#
#.........#
##......%##
.........
.........


You could see a worker ant, an orc priest, an orc wizard and an orc.

Vanquished Creatures
  A phantom (D:4)
  A howler monkey (D:4)
  A crimson imp (D:4)
  A worker ant (D:4)
  5 adders
  7 gnolls
  7 worms
  2 dart slugs (D:1)
  A leopard gecko (D:2)
  9 orcs
  2 ball pythons
  3 giant cockroaches
  7 goblins
  9 hobgoblins
  7 jackals
  3 quokkas
  3 bats
  6 frilled lizards
  A jackal skeleton (D:4)
  3 kobolds
  11 rats
90 creatures vanquished.

Notes
Turn   | Place    | Note
-------+----------+-------------------------------------------
     0 | D:1      | selb the Halfling Assassin began the quest for the Orb.
     0 | D:1      | Reached XP level 1. HP: 14/14 MP: 1/1
    32 | D:1      | Reached XP level 2. HP: 15/19 MP: 2/2
    53 | D:1      | Reached skill level 5 in Stealth
   375 | D:1      | Reached XP level 3. HP: 18/24 MP: 3/3
  1185 | D:2      | Reached XP level 4. HP: 5/29 MP: 4/4
  2541 | D:3      | Reached XP level 5. HP: 34/34 MP: 5/5
  3426 | D:3      | Reached skill level 6 in Stealth
  3742 | D:4      | Noticed a phantom
  3779 | D:4      | Killed a phantom
  3779 | D:4      | Reached XP level 6. HP: 27/41 MP: 6/6
  4720 | D:3      | Reached skill level 5 in Short Blades
  5201 | D:3      | Reached XP level 7. HP: 11/45 MP: 7/7
  5647 | D:4      | HP: 2/45 [poisoned by a worker ant]
  5649 | D:4      | Succumbed to a worker ant's poison

Skill      XL: |  1  2  3  4  5  6 |
---------------+-------------------+-----
Stealth        | 5 6 |  6.2
Fighting       | 2 |  2.5
Short Blades   | 3 4 5 |  5.2
Dodging        | 2 3 |  3.5
Throwing       | |  2.5
Evocations     | |  0.4

Action                   |  1- 3 |  4- 6 |  7- 9 || total
-------------------------+-------+-------+-------++-------
Melee: Dagger            |    97 |   314 |    49 ||   460
 Fire: Blowgun           |     4 |    13 |       ||    17
Throw: Stone             |       |    11 |       ||    11
Evoke: Wand              |       |     1 |     1 ||     2
  Use: Scroll            |     7 |     8 |       ||    15
       Potion            |     2 |     5 |     1 ||     8
 Stab: Sleeping          |    10 |     9 |       ||    19
  Eat: Chunk             |     1 |     5 |       ||     6
       Ration            |       |     3 |       ||     3
Armor: Robe              |    12 |    24 |     2 ||    38
Dodge: Dodged            |    53 |   160 |    35 ||   248
